 Dungeon Crawl Stone Soup version 0.20.1-1-g8b1a95d (webtiles) character file.

4176 motkurip the Slicer (level 10, -6/55 HPs)
             Began as a Vine Stalker Assassin on Aug 4, 2017.
             Was a Follower of Uskayaw.
             Mangled by a warg (12 damage)
             ... on level 8 of the Dungeon.
             The game lasted 00:22:40 (8776 turns).

motkurip the Slicer (Vine Stalker Assassin)         Turns: 8776, Time: 00:22:41

Health: -6/55      AC: 11    Str: 17    XL:     10   Next: 28%
Magic:  0/11       EV:  7    Int: 17    God:    Uskayaw [*.....]
Gold:   273        SH:  5    Dex: 16    Spells: 9/9 levels left

rFire    . . .     SeeInvis .   B - +0 rapier
rCold    . . .     Gourm    .   a - +0 buckler
rNeg     . . .     Faith    .   T - +0 chain mail
rPois    .         Spirit   +   (helmet restricted)
rElec    .         Reflect  .   d - +0 cloak
rCorr    .         Harm     .   x - +0 pair of gloves
MR       ++...     Clarity  +   (no boots)
Stlth    ..........             (no amulet)
Regen    0.6/turn               S - +4 ring of intelligence
MPRegen  0.2/turn               A - ring of protection from magic

@: no status effects
A: antennae 1, fangs 3, clarity, clever 1, regeneration 1, shaggy fur 1, magic
shield, antimagic bite, no potion heal 3, rot immunity
a: Stomp, Renounce Religion


You were on level 8 of the Dungeon.
You worshipped Uskayaw.
Uskayaw was noncommittal.
You were not hungry.

You visited 2 branches of the dungeon, and saw 9 of its levels.

You collected 497 gold pieces.
You spent 224 gold pieces at shops.

Inventory:

Hand Weapons
 b - a +0 blowgun
 k - a +0 hunting sling
 B - a +0 rapier (weapon)
 M - a +0 dagger of venom
 V - a +2 dagger of holy wrath
Missiles
 e - 10 poisoned needles
 f - 2 curare-tipped needles
 n - 181 stones (quivered)
 K - 8 needles of frenzy
 L - a throwing net
Armour
 a - a +0 buckler (worn)
 c - a +0 robe
 d - a +0 cloak (worn)
 x - a +0 pair of gloves (worn)
 I - a +0 leather armour
 T - a +0 chain mail (worn)
Jewellery
 w - an uncursed ring of flight
 A - a ring of protection from magic (right hand)
 S - a +4 ring of intelligence (left hand)
Wands
 F - a wand of lightning (6/15)
 J - a wand of polymorph (12/24)
 U - a wand of polymorph (20/24)
Scrolls
 i - a scroll of random uselessness {unknown}
 j - 4 scrolls of recharging
 r - 8 scrolls of teleportation
 t - a scroll of noise {unknown}
 u - 2 scrolls of amnesia {unknown}
 v - 4 scrolls of fog {unknown}
 C - 4 scrolls of magic mapping {unknown}
 D - 5 scrolls of identify {unknown}
 E - 2 scrolls of enchant weapon {unknown}
 H - a scroll of remove curse {unknown}
 N - 3 scrolls of silence {unknown}
 R - a scroll of holy word {unknown}
Potions
 h - 4 potions of lignification
 o - a potion of ambrosia {unknown}
 p - 2 potions of agility {unknown}
 G - a potion of magic {unknown}
 O - a potion of brilliance {unknown}
 P - 2 potions of berserk rage
 Q - a potion of curing
Books
 m - a book of the Dragon

   Spells                             Type                      Level
   a - Flame Tongue                   Conjuration/Fire             1
   b - Cause Fear                     Hexes                        4
   c - Bolt of Fire                   Conjuration/Fire             6
   d - Dragon Form                    Transmutation                7
   e - Dragon's Call                  Summoning                    9
 y - a book of Minor Magic

   Spells                             Type                      Level
   a - Magic Dart                     Conjuration                  1
   b - Blink                          Translocation                2
   c - Call Imp                       Summoning                    2
   d - Slow                           Hexes                        2
   e - Conjure Flame                  Conjuration/Fire             3
   f - Mephitic Cloud                 Conjuration/Poison/Air       3
 z - a book of Misfortune

   Spells                             Type                      Level
   a - Confusing Touch                Hexes                        1
   b - Confuse                        Hexes                        3
   c - Gell's Gravitas                Translocation                3
   d - Petrify                        Transmutation/Earth          4
   e - Metabolic Englaciation         Hexes/Ice                    5
   f - Yara's Violent Unravelling     Hexes/Transmutation          5
Comestibles
 g - 4 bread rations
 l - 3 royal jellies
 q - 2 chunks of flesh
 s - 2 meat rations


   Skills:
 + Level 7.1 Fighting
 + Level 10.0 Short Blades
 - Level 3.1 Throwing
 + Level 0.0 Armour
 - Level 0.7 Dodging
 + Level 5.0 Stealth
 - Level 5.0 Shields


You had 9 spell levels left.
You didn't know any spells.

Dungeon Overview and Level Annotations

Branches:
Dungeon (8/15)             Temple (1/1) D:6            Lair (0/6) D:8

Altars:
Ashenzari
Cheibriados
Dithmenos
Elyvilon
Fedhas
Gozag
Hepliaklqana
Kikubaaqudgha
Makhleb
Nemelex Xobeh
Okawaru
Qazlal
Ru
Sif Muna
Trog
Uskayaw
Vehumet
Xom
Yredelemnul
Zin
The Shining One

Shops:
D:5 }   D:6 !

Annotations:
D:5 Grinder


Innate Abilities, Weirdness & Mutations

You have razor-sharp teeth.
Your natural rate of healing is unusually fast.
When hurt, damage is shared between your health and your magic reserves.
Your bite disrupts and absorbs the magic of your enemies.
Potions cannot restore your health.
You are immune to rotting.
You have a pair of small antennae on your head.
You possess an exceptional clarity of mind.
Your mind is acute. (Int +2)
You are covered in fur. (AC +1)


Message History

The warg bites you.
* * * LOW HITPOINT WARNING * * *
You barely miss the warg.
The warg is severely wounded.
The warg seems less confused.
The warg bites you!
* * * LOW HITPOINT WARNING * * *
You hit the warg but do no damage. Your bite misses the warg.
The warg is severely wounded.
The warg bites you.
* * * LOW HITPOINT WARNING * * *
Okay, then.
Evoke which item? (* to show all) (? for menu, Esc to quit)
Aiming: Lightning Bolt (will waste charges)
Press: ? - help, Shift-Dir - straight line, f - warg
Aim: a warg (severely wounded)
You hear a mighty clap of thunder!
The bolt of lightning misses the warg.
Evoking this partially-identified wand wasted a few charges.
The warg bites you!
You die...

#.# ###.# .# ....# ..#
....# #.# #..## #.#
##.### #.# # #...######.#
.# #..........######..#
#..######.....h@...# #.##
##..####...# ##.# ##.##
###.## #### #..# #.# ..##
##.## ###.# ...## #..#
###...### ....## ##..#
##.......#
.....###..######........#
......##..##.......##.###


You could see a warg.

Vanquished Creatures
  2 two-headed ogres (D:8)
  Prince Ribbit (D:7)
  A hippogriff (D:7)
  2 wargs (D:8)
  A black bear (D:6)
  3 orc warriors
  2 sky beasts (D:4)
  A phantom (D:8)
  2 ogres (D:6)
  A bullfrog (D:7)
  2 scorpions
  2 howler monkeys
  3 crimson imps
  2 centaur zombies
  A bullfrog skeleton (D:5)
  6 orc wizards
  3 hounds
  A jelly (D:8)
  6 orc priests
  An iguana (D:8)
  7 worker ants
  Natasha (thrice) (D:2)
  A hound zombie (D:8)
  A worker ant zombie (D:8)
  6 adders
  8 gnolls
  A shadow imp (D:7)
  2 oozes
  An adder zombie (D:6)
  2 worms (D:2)
  5 leopard geckos
  25 orcs
  9 giant cockroaches
  2 goblins
  13 hobgoblins
  2 jackals (D:2)
  3 quokkas
  12 bats
  4 frilled lizards
  4 kobolds
  A leopard gecko skeleton (D:6)
  8 rats
163 creatures vanquished.

Notes
Turn   | Place    | Note
-------+----------+-------------------------------------------
     0 | D:1      | motkurip the Vine Stalker Assassin began the quest for the Orb.
     0 | D:1      | Reached XP level 1. HP: 11/11 MP: 2/2
    32 | D:1      | Reached skill level 2 in Short Blades
    74 | D:1      | Reached XP level 2. HP: 15/15 MP: 3/3
    96 | D:1      | Reached skill level 5 in Stealth
   837 | D:2      | Reached XP level 3. HP: 18/18 MP: 4/4
  1192 | D:2      | Gained mutation: Your natural rate of healing is unusually fast. [Vine Stalker growth]
  1192 | D:2      | Reached XP level 4. HP: 15/23 MP: 5/5
  1318 | D:2      | Noticed Natasha
  1342 | D:2      | HP: 1/23 [white imp/puff of frost[Natasha] (8)]
  1600 | D:2      | Killed Natasha
  1935 | D:2      | Reached skill level 3 in Short Blades
  2339 | D:2      | Noticed Natasha
  2350 | D:2      | Killed Natasha
  2350 | D:2      | Reached XP level 5. HP: 10/27 MP: 2/6
  2438 | D:2      | Noticed Natasha
  2452 | D:2      | Killed Natasha
  3520 | D:4      | Reached skill level 4 in Short Blades
  3520 | D:4      | Reached XP level 6. HP: 24/32 MP: 4/7
  3800 | D:4      | Gained mutation: You are clumsy. (Dex -2) [potion of mutation]
  3800 | D:4      | Gained mutation: You have a pair of small antennae on your head. [potion of mutation]
  3800 | D:4      | Gained mutation: You are covered in fur. (AC +1) [potion of mutation]
  3811 | D:4      | HP: 1/32 [poisoned by a worker ant]
  3817 | D:4      | HP: 1/32 [poisoned by a worker ant]
  4448 | D:5      | Entered Level 5 of the Dungeon
  4558 | D:5      | Noticed a sky beast
  4661 | D:4      | Killed a sky beast
  4661 | D:4      | Reached skill level 1 in Shields
  4661 | D:4      | Reached XP level 7. HP: 36/36 MP: 8/8
  4665 | D:4      | Gained mutation: You have a pair of antennae on your head. [mutagenic meat]
  4666 | D:4      | Gained mutation: You are partially covered in molten scales. (AC +2) [mutagenic meat]
  4667 | D:4      | Gained mutation: You are weak. (Str -2) [mutagenic meat]
  4669 | D:4      | Gained mutation: Your body sometimes deteriorates upon taking damage. [mutagenic meat]
  4671 | D:4      | Lost mutation: You are partially covered in molten scales. (AC +2) [potion of mutation]
  4671 | D:4      | Lost mutation: You have a pair of antennae on your head. [potion of mutation]
  4671 | D:4      | Lost mutation: Your body sometimes deteriorates upon taking damage. [potion of mutation]
  4671 | D:4      | Lost mutation: You are clumsy. (Dex -2) [potion of mutation]
  4671 | D:4      | Lost mutation: You are weak. (Str -2) [potion of mutation]
  4671 | D:4      | Gained mutation: Your mind is acute. (Int +2) [potion of mutation]
  4671 | D:4      | Gained mutation: You possess an exceptional clarity of mind. [potion of mutation]
  4784 | D:5      | Reached skill level 5 in Short Blades
  4838 | D:5      | You fall through a shaft!
  4883 | D:6      | Found a white marble altar of Elyvilon.
  5171 | D:5      | Found Bitear's Gadget Shoppe.
  5343 | D:5      | Noticed Grinder
  5540 | D:6      | Found Ighihalud's Distillery.
  5547 | D:6      | Bought 2 potions of berserk rage for 140 gold pieces
  5547 | D:6      | Bought a potion of curing for 42 gold pieces
  5547 | D:6      | Bought a potion of lignification for 42 gold pieces
  5647 | D:6      | Reached skill level 6 in Short Blades
  5647 | D:6      | Gained mutation: You have razor-sharp teeth. [Vine Stalker growth]
  5647 | D:6      | Reached XP level 8. HP: 38/42 MP: 7/9
  5659 | D:6      | Found a staircase to the Ecumenical Temple.
  5882 | Temple   | Entered the Ecumenical Temple
  5999 | Temple   | Became a worshipper of Uskayaw the Reveler
  6070 | D:6      | Reached * piety under Uskayaw
  6237 | D:6      | Reached ** piety under Uskayaw
  6248 | D:6      | Reached *** piety under Uskayaw
  6391 | D:6      | Reached skill level 7 in Short Blades
  6434 | D:6      | Reached skill level 5 in Fighting
  6592 | D:7      | Noticed Prince Ribbit
  6868 | D:7      | Reached XP level 9. HP: 29/47 MP: 7/10
  6892 | D:7      | Killed Prince Ribbit
  7083 | D:7      | Reached skill level 8 in Short Blades
  7620 | D:8      | Noticed a two-headed ogre
  7666 | D:8      | Killed a two-headed ogre
  7759 | D:8      | Reached skill level 5 in Shields
  8011 | D:8      | Reached skill level 9 in Short Blades
  8087 | D:8      | Noticed a two-headed ogre
  8144 | D:8      | Killed a two-headed ogre
  8144 | D:8      | Reached XP level 10. HP: 39/53 MP: 11/11
  8218 | D:8      | Found a staircase to the Lair.
  8697 | D:8      | Reached skill level 10 in Short Blades
  8776 | D:8      | Mangled by a warg

Skill      XL: |  1  2  3  4  5  6  7  8  9 10 |
---------------+-------------------------------+-----
Short Blades   | 2 3 4 6 7 9 10 | 10.0
Fighting       | 2 3 4 5 6 7 |  7.1
Stealth        | 5 |  5.0
Throwing       | 2 3 |  3.1
Shields        | 1 2 3 5 |  5.0
Dodging        | |  0.7

Action                   |  1- 3 |  4- 6 |  7- 9 | 10-12 || total
-------------------------+-------+-------+-------+-------++-------
Melee: Dagger            |    64 |    75 |   219 |    90 ||   448
       Bite              |    14 |    35 |   105 |    37 ||   191
       Rapier            |       |    64 |    63 |    12 ||   139
 Fire: Blowgun           |     4 |    45 |    56 |       ||   105
Invok: Line Pass         |       |       |     2 |     2 ||     4
Evoke: Wand              |       |       |       |     1 ||     1
  Use: Scroll            |       |     5 |       |       ||     5
       Potion            |       |     1 |     1 |       ||     2
 Stab: Sleeping          |     9 |    13 |     4 |       ||    26
       Distracted        |     1 |     1 |     1 |       ||     3
       Paralysed         |       |       |     2 |       ||     2
       Confused          |       |       |     1 |     1 ||     2
  Eat: Chunk             |     1 |    10 |    12 |     3 ||    26
       Fruit             |       |       |     3 |       ||     3
       Royal jelly       |       |       |     1 |       ||     1
Armor: Robe              |    14 |    31 |       |       ||    45
       Leather armour    |       |     7 |    30 |       ||    37
       Chain mail        |       |       |    49 |    23 ||    72
Dodge: Dodged            |    34 |    62 |    89 |    10 ||   195
Block: Buckler           |       |     5 |    48 |     9 ||    62
